 Dungeon Crawl Stone Soup version 0.28-a0-906-g0406aca7d3 (webtiles) character file.

Game seed: 17322058418526751174

101 olmar the Covered (level 4, 0/29 HPs)
             Began as a Gargoyle Fighter on Nov 23, 2021.
             Slain by a gnoll (8 damage)
             ... on level 2 of the Dungeon.
             The game lasted 00:03:10 (2052 turns).

olmar the Covered (Gargoyle Fighter)                Turns: 2052, Time: 00:03:10

Health: 0/29       AC: 10    Str: 20    XL:     4   Next: 75%
Magic:  4/4        EV:  9    Int:  9    God:
Gold:   26         SH:  4    Dex:  9    Spells: 3/3 levels left

rFire   . . .      SeeInvis .   a - +0 flail
rCold   . . .      Faith    .   c - +0 buckler
rNeg    + . .      Spirit   .   b - +0 scale mail
rPois   ∞          Reflect  .   (no helmet)
rElec   +          Harm     .   (no cloak)
rCorr   .          Rampage  .   (no gloves)
Will    .....                   (no boots)
Stlth   ..........              (no amulet)
HPRegen 0.09/turn               (no ring)
MPRegen 0.09/turn               (no ring)

@: no status effects
A: sickness immunity, AC +3, negative energy resistance 1, electricity
resistance, torment resistance 1, petrification resistance
a: no special abilities


You were on level 2 of the Dungeon.
You visited 1 branch of the dungeon, and saw 2 of its levels.

You collected 26 gold pieces.

Inventory:

Hand Weapons
 a - a +0 flail (weapon)
Armour
 b - a +0 scale mail (worn)
 c - a +0 buckler (worn)
Jewellery
 l - a ring of flight
Scrolls
 g - a scroll of teleportation {unknown}
 i - 2 scrolls of amnesia {unknown}
 k - a scroll of vulnerability {unknown}
 m - 2 scrolls of identify {unknown}
Potions
 d - a potion of might
 e - a potion of invisibility {unknown}
 f - a potion of heal wounds {unknown}
 h - a potion of ambrosia {unknown}
 j - a potion of haste {unknown}


   Skills:
 + Level 3.8 Fighting
 + Level 3.3 Maces & Flails
 + Level 4.0 Armour
 + Level 0.7 Dodging
 + Level 3.6 Shields


You had 3 spell levels left.
You didn't know any spells.
Your spell library was empty.

Dungeon Overview and Level Annotations

Branches:
Dungeon (2/15)

Altars:


Innate Abilities, Weirdness & Mutations

You are immune to sickness and miasma.
Your stone body is resilient. (AC +3)
You are immune to poison.
You resist negative energy. (rN+)
You are resistant to electric shocks. (rElec)
You are resistant to unholy torment.
You are immune to petrification.


Message History

The gnoll hits you but does no damage.
You sock the gnoll!
You kill the gnoll!
No target in view!
No target in view!
Unknown command.
Things that are here:
a +0 spear; a gnoll corpse Unknown command.
HP restored.
The gnoll shouts!
A gnoll is nearby!
A gnoll is nearby!
A gnoll is nearby!
You start waiting.
A gnoll is nearby!
The gnoll shouts!
Things that are here:
a +0 spear; a gnoll corpse You see here an adder corpse.
A gnoll is nearby!
You closely miss the gnoll. The gnoll hits you with a +0 club.
You barely miss the gnoll. The gnoll barely misses you.
You block the gnoll's attack.
You hit the gnoll but do no damage. The gnoll closely misses you.
The gnoll barely misses you.
You barely miss the gnoll. The gnoll closely misses you.
The gnoll hits you from afar with a +0 halberd!
You barely miss the gnoll. The gnoll hits you but does no damage.
The gnoll closely misses you.
You sock the gnoll!
The gnoll is severely wounded.
The gnoll hits you with a +0 club. The gnoll hits you but does no damage.
You block the gnoll's attack.
You sock the gnoll!
You kill the gnoll!
The gnoll hits you from afar with a +0 halberd!
* * * LOW HITPOINT WARNING * * *
The gnoll hits you from afar with a +0 halberd!
You die...

#.. ##..#
#..#......... #...
#..# #.##..#.#####...
#....###).#
#...............
######........>#
#.#...........##
....##....###.## #
#...........#.
....##... #g####
#...........#.
....##..
#..g.#.#.............
[...##.
#..#)#.#.#.#+#####...
######
#..#@#.#.#.#.#####...
#..#.#.#.#.#.........
#..#.#.#.#.########..
#..#.#.#.#.########..
#..#.#.#.............
#..#.#...#.#########.
#..#...#.#...........
#..###.#.#...........
#......#.#.#########.


You could see a gnoll.

Vanquished Creatures
  Terence (D:2)
  3 gnolls (D:2)
  2 adders (D:2)
  2 dart slugs
  6 bats
  An endoplasm (D:1)
  A giant cockroach (D:1)
  4 goblins
  6 hobgoblins (D:1)
  3 quokkas
  5 ball pythons (D:1)
  2 frilled lizards (D:1)
  3 rats (D:1)
39 creatures vanquished.

Notes
Turn   | Place    | Note
-------+----------+-------------------------------------------
     0 | D:1      | olmar the Gargoyle Fighter began the quest for the Orb.
     0 | D:1      | Reached XP level 1. HP: 14/14 MP: 1/1
   440 | D:1      | Reached XP level 2. HP: 12/19 MP: 2/2
   734 | D:1      | Reached XP level 3. HP: 22/24 MP: 3/3
  1583 | D:2      | Noticed Terence
  1605 | D:2      | Killed Terence
  1606 | D:2      | Reached XP level 4. HP: 14/29 MP: 4/4
  1990 | D:2      | Reached skill level 4 in Armour
  2052 | D:2      | Slain by a gnoll

Illustrated notes

Levels and vault maps discovered:
D:1:      matt_arrival_spirals, layout_basic
D:2:      layout_basic, serial_glass, glass_columns_a, glass_columns_c,
          minmay_door_square, minivault_19, uniq_terence

Skill      XL: |  1  2  3  4 |
---------------+-------------+-----
Maces & Flails | 3 |  3.3
Armour         | 4 |  4.0
Fighting       | |  3.8
Dodging        | |  0.7
Shields        | |  3.6

Action                   |  1- 3 |  4- 6 || total
-------------------------+-------+-------++-------
Melee: Flail             |   111 |    33 ||   144
Armor: Scale mail        |    71 |    13 ||    84
Dodge: Dodged            |    67 |    18 ||    85
Block: Buckler           |    28 |     8 ||    36

Table legend: (Time is in decaauts)
 A = Elapsed time spent in this place.
 B = Non-inter-level travel time spent in this place.
 C = Inter-level travel time spent in this place.
 D = Time resting spent in this place.
 E = Time spent auto-exploring this place.
 F = Levels seen in this place.
 G = Mean time per level.
                   A        B        C        D        E       F      G
               +--------+--------+--------+--------+--------+-----+--------+
         Total |   2094 |   2053 |     41 |    161 |   1541 |   2 | 1047.0 |
       Dungeon |   2094 |   2053 |     41 |    161 |   1541 |   2 | 1047.0 |
               +--------+--------+--------+--------+--------+-----+--------+

Top non-repeatable levels by time:
     D:1: 1369 daAuts
     D:2: 725 daAuts
